 Dungeon Crawl Stone Soup version 0.26.0-11-g8f856b5395 (webtiles) character file.

Game seed: 6083933440303120399

2017 EnegeticOcto the Cudgeller (level 9, 0/56 HPs)
             Began as a Gargoyle Fighter on Jan 15, 2021.
             Was a Follower of the Shining One.
             Slain by a two-headed ogre
             ... wielding a +0 giant club
              (10 damage)
             ... on level 6 of the Dungeon.
             The game lasted 00:07:17 (7222 turns).

EnegeticOcto the Cudgeller (Gargoyle Fighter)       Turns: 7222, Time: 00:07:17

Health: 0/56       AC: 19    Str: 30    XL:     9   Next: 23%
Magic:  11/11      EV:  6    Int:  8    God:    the Shining One [*.....]
Gold:   412        SH: 17    Dex:  9    Spells: 8/8 levels left

rFire    . . .     SeeInvis .   a - +1 flail
rCold    . . .     Faith    .   c - +1 kite shield
rNeg     + . .     Spirit   .   y - +0 plate armour
rPois    ∞         Reflect  +   (no helmet)
rElec    +         Harm     .   (no cloak)
rCorr    .         Rampage  .   (no gloves)
Will     .....                  (no boots)
Stlth    ..........             p - amulet of reflection
HPRegen  0.18/turn              h - +6 ring of strength
MPRegen  0.12/turn              (no ring)

@: glowing
A: negative energy resistance 1, electricity resistance, unbreathing,
petrification resistance, miasma immunity, AC +6
a: Renounce Religion


You were on level 6 of the Dungeon.
You worshipped the Shining One.
The Shining One was aware of your devotion.
You visited 2 branches of the dungeon, and saw 7 of its levels.

You collected 412 gold pieces.

Inventory:

Hand Weapons
 a - a +1 flail (weapon)
Missiles
 b - 2 throwing nets (quivered) {!f}
Armour
 c - a +1 kite shield (worn)
 y - a +0 plate armour (worn)
   (You took it off an orc warrior on level 6 of the Dungeon)
Jewellery
 h - a +6 ring of strength (left hand)
   (You found it on level 1 of the Dungeon)
 p - an amulet of reflection (around neck)
   (You found it on level 4 of the Dungeon)
 t - a cursed amulet of inaccuracy {unknown}
   (You found it on level 5 of the Dungeon)
Wands
 n - a wand of flame (18) {@v4}
   (You took it off Natasha on level 2 of the Dungeon)
 x - a wand of disintegration (2)
   (You found it on level 5 of the Dungeon)
Scrolls
 g - 3 scrolls of teleportation {@r3 !r}
 l - 4 scrolls of remove curse {@r2}
 u - a scroll of enchant weapon
Potions
 d - a potion of might {@q3 !q}
 e - a potion of haste {@q4 !q}
 f - a potion of cancellation
 i - a potion of mutation
 j - 2 potions of berserk rage
 k - a potion of heal wounds {@q2 !q}
 m - a potion of attraction
 o - a potion of degeneration {unknown}
 q - a potion of brilliance {unknown}
 r - a potion of lignification {unknown}
 s - a potion of ambrosia {unknown}
 v - a potion of resistance {unknown}


   Skills:
 + Level 6.3 Fighting
 * Level 7.5 Maces & Flails
 + Level 6.3 Armour
 + Level 6.4 Shields
 + Level 3.7 Invocations


You had 8 spell levels left.
You didn't know any spells.
Your spell library contained the following spells:

 Spells                   Type           Power        Failure   Level
 Beastly Appendage        Tmut           0%           100%        1
 Wereblood                Tmut           0%           100%        2
 Spider Form              Tmut/Pois      0%           100%        3
 Ice Form                 Ice/Tmut       0%           100%        4
 Blade Hands              Tmut           0%           100%        5


Dungeon Overview and Level Annotations

Branches:
Dungeon (6/15)             Temple (1/1) D:4

Altars:
Ashenzari
Cheibriados
Dithmenos
Elyvilon
Fedhas
Gozag
Hepliaklqana
Kikubaaqudgha
Makhleb
Nemelex Xobeh
Okawaru
Qazlal
Ru
Sif Muna
Trog
Uskayaw
Vehumet
Wu Jian
Xom
Yredelemnul
Zin
The Shining One

Shops:
D:6 !


Innate Abilities, Weirdness & Mutations

You are resistant to torment.
Your stone body is resilient. (AC +6)
You are immune to poison.
You resist negative energy. (rN+)
You are resistant to electric shocks. (rElec)
You can survive without breathing.
You are immune to petrification.
You are immune to miasma.


Message History

You block the orc warrior's attack.
You hit the orc warrior but do no damage.
The orc warrior is almost dead.
You block the orc warrior's attack.
You sock the orc warrior!
You kill the orc warrior!
No target in view!
No target in view!
No target in view!
No target in view!
No target in view!
No target in view!
No target in view!
No target in view!
Things that are here:
a +0 war axe; a +0 plate armour; an orc corpse You start removing your armour.
You continue taking off your +0 chain mail. x4
You finish taking off your +0 chain mail.
You start putting on your armour.
You continue putting on your +0 plate armour. x5
You finish putting on your +0 plate armour.
Drop what? 25/52 slots (_ for help) (? for menu, Esc to quit)
You drop a +0 chain mail.
u - a ring of stealth (right hand) Drop what? 24/52 slots (_ for help) (? for menu, Esc to quit)
You remove your ring of stealth.
You drop an uncursed ring of stealth.
u - a scroll of enchant weapon You open the door.
Found a stone staircase leading down.
No target in view!
No target in view!
No target in view!
There is an open door here.
A white imp comes into view.
The white imp shouts!
Found a leather armour.
There is a stone staircase leading down here.
A white imp is nearby!
A white imp is nearby!
A white imp is nearby!
A white imp is nearby!
A white imp is nearby!
A white imp is nearby!
A worker ant comes into view.
A two-headed ogre comes into view.
It is wielding a +0 giant club and a +0 giant spiked club.
The white imp gestures at you.
The puff of frost reflects off an invisible shield around you!
The puff of frost hits the white imp.
The white imp completely resists.
The white imp gestures at you.
The puff of frost reflects off an invisible shield around you!
The puff of frost hits the white imp.
The white imp resists.
You block the white imp's attack. You block the worker ant's attack.
You thump the white imp!
The white imp is severely wounded.
You block the white imp's attack. You block the worker ant's attack.
You sock the white imp!
You kill the white imp!
The Shining One accepts your kill. You block the worker ant's attack.
You sock the worker ant!
The worker ant is heavily wounded.
You block the worker ant's attack.
The worker ant bites you but does no damage.
You hit the worker ant.
The worker ant is severely wounded.
The worker ant barely misses you.
The two-headed ogre hits you with a +0 giant club!
You block the two-headed ogre's attack.
You thump the worker ant!
You kill the worker ant!
You hit the two-headed ogre.
The two-headed ogre is lightly wounded.
You block the two-headed ogre's attack. x2
You bludgeon the two-headed ogre!!
The two-headed ogre is heavily wounded.
The two-headed ogre hits you with a +0 giant club!
The two-headed ogre hits you with a +0 giant spiked club!
You are too injured to fight recklessly!
You are too injured to fight recklessly!
You are too injured to fight recklessly!
You are too injured to fight recklessly!
You are too injured to fight recklessly!
You are too injured to fight recklessly!
A two-headed ogre is nearby!
There is a stone staircase leading down here.
There is an open door here.
Okay, then.
Evoke which item? (* to show all) (? for menu, Esc to quit)
Okay, then.
You sock the two-headed ogre!
The two-headed ogre is heavily wounded.
The two-headed ogre hits you with a +0 giant club!!
* * * LOW HITPOINT WARNING * * *
You block the two-headed ogre's attack.
You sock the two-headed ogre!
The two-headed ogre is severely wounded.
The two-headed ogre hits you with a +0 giant club!
You die...

#.#.†..#
#....#$#
#.#..#.#
#......# .#
#####...#
.+
........>#
.#
######...#
.# ###
####O####
.+ ..#
#≈≈≈@§≈≈#
.####.#
#≈≈...≈≈#
....#.#
#§§§§§§≈#
....#.#
#≈.≈§≈§§#
....#.#
#≈.§≈§§≈#
....#'#####
#≈≈..=≈§#
..........#
#≈≈≈.≈§≈#
###.......#
####'####
#.......#
#...#


You could see a two-headed ogre.

Vanquished Creatures
  Grinder (D:3)
  An orc warrior (D:6)
  A black bear (D:6)
  A necrophage (D:6)
  A sky beast (D:6)
  2 centaurs (D:5)
  5 big kobolds (D:4)
  4 wights (D:6)
  An orc priest (D:3)
  4 orc wizards
  Natasha (thrice) (D:2)
  3 iguanas
  5 worker ants
  10 gnolls
  6 adders
  A shadow imp (D:6)
  A white imp (D:6)
  An ufetubus (D:6)
  An ooze (D:2)
  An adder skeleton (D:5)
  4 worms
  A dart slug (D:1)
  3 leopard geckos
  21 orcs
  18 giant cockroaches
  9 goblins
  11 hobgoblins
  16 jackals
  5 quokkas
  8 bats
  8 frilled lizards
  A jackal skeleton (D:4)
  46 kobolds
  A leopard gecko skeleton (D:4)
  10 rats
215 creatures vanquished.

Vanquished Creatures (others)
  A human (D:3)
1 creature vanquished.

Grand Total: 216 creatures vanquished

Notes
Turn   | Place    | Note
-------+----------+-------------------------------------------
     0 | D:1      | EnegeticOcto the Gargoyle Fighter began the quest for the
                  | Orb.
     0 | D:1      | Reached XP level 1. HP: 14/14 MP: 1/1
   142 | D:1      | Reached XP level 2. HP: 19/19 MP: 2/2
   535 | D:1      | Reached XP level 3. HP: 23/23 MP: 3/3
  1108 | D:2      | Noticed Natasha
  1120 | D:2      | Killed Natasha
  1295 | D:2      | Reached skill level 3 in Maces & Flails
  1350 | D:2      | Reached XP level 4. HP: 29/29 MP: 4/4
  1867 | D:2      | Noticed Natasha
  1877 | D:2      | Killed Natasha
  1878 | D:2      | Reached skill level 4 in Shields
  2041 | D:2      | Noticed Natasha
  2047 | D:2      | Killed Natasha
  2048 | D:2      | Reached skill level 4 in Fighting
  2048 | D:2      | Reached skill level 4 in Armour
  2048 | D:2      | Reached XP level 5. HP: 33/33 MP: 5/5
  2778 | D:3      | Reached skill level 4 in Maces & Flails
  2980 | D:3      | Found an ancient bone altar of Kikubaaqudgha.
  2980 | D:3      | Noticed a human
  2983 | D:3      | Killed a human
  3044 | D:3      | Noticed Grinder
  3056 | D:3      | Reached XP level 6. HP: 29/39 MP: 6/6
  3370 | D:3      | Paralysed by Grinder for 4 turns
  3397 | D:3      | Killed Grinder
  3398 | D:3      | Reached XP level 7. HP: 15/44 MP: 7/7
  3640 | D:3      | Reached skill level 5 in Maces & Flails
  4215 | D:4      | Found a staircase to the Ecumenical Temple.
  4243 | D:4      | Reached skill level 5 in Shields
  4250 | Temple   | Entered the Ecumenical Temple
  4361 | Temple   | Became a worshipper of the Shining One
  4688 | D:4      | Reached skill level 5 in Fighting
  4688 | D:4      | Reached skill level 5 in Armour
  4727 | D:4      | Reached skill level 1 in Invocations
  4756 | D:4      | Reached XP level 8. HP: 35/49 MP: 9/9
  5023 | D:4      | Reached skill level 6 in Maces & Flails
  5541 | D:5      | Entered Level 5 of the Dungeon
  5560 | D:5      | Reached skill level 2 in Invocations
  6263 | D:5      | Found a blossoming altar of Fedhas.
  6741 | D:6      | Reached * piety under the Shining One
  6754 | D:6      | Reached skill level 6 in Shields
  6768 | D:6      | Reached skill level 7 in Maces & Flails
  6768 | D:6      | Reached skill level 3 in Invocations
  6801 | D:6      | Found Jikoucs's Distillery.
  6808 | D:6      | Reached skill level 6 in Fighting
  6808 | D:6      | Reached skill level 6 in Armour
  6833 | D:6      | Reached XP level 9. HP: 54/55 MP: 11/11
  7204 | D:6      | Noticed a two-headed ogre
  7222 | D:6      | Slain by a two-headed ogre

Illustrated notes

Levels and vault maps discovered:
D:1:      kennysheep_arrival_seaside, layout_basic, grunt_decor_cap,
          minmay_tromino_v7
D:2:      layout_basic, serial_co_window_serial, co_window_paths_a,
          co_window_of_opportunity_a, co_window_cross_1, co_window_paths_b,
          co_window_paths_b, co_window_paths_b, co_window_paths_a,
          co_window_2corner, co_window_paths_c, co_window_corner_b,
          co_window_cross_3, co_window_cross_2, co_window_of_opportunity_b,
          co_window_4corner_a, glass_columns_a, glass_columns_c,
          glass_columns_a, glass_columns_a, uniq_natasha
D:3:      minmay_roachtagon, layout_basic, tgw_kikubaaqudgha, uniq_grinder
D:4:      minmay_goblin_kobold_castle, layout_basic, minmay_temple_entry_waves,
          hangedman_abyss_or_decor_stagger
D:5:      layout_basic, lemuel_crystal_altar
D:6:      layout_basic, serial_shops, nicolae_shop_trees,
          kennysheep_generic_room_8
Temple:   kilobyte_greek_temple

Skill      XL: |  1  2  3  4  5  6  7  8 |
---------------+-------------------------+-----
Maces & Flails | 3 4 5 7 |  7.5
Shields        | 4 5 6 |  6.4
Fighting       | 4 5 6 |  6.3
Armour         | 4 5 6 |  6.3
Invocations    | 1 3 |  3.7

Action                   |  1- 3 |  4- 6 |  7- 9 || total
-------------------------+-------+-------+-------++-------
Melee: Flail             |    83 |   239 |   396 ||   718
  Use: Scroll            |       |     3 |    11 ||    14
Armor: Scale mail        |    35 |   118 |   152 ||   305
       Chain mail        |       |       |    47 ||    47
       Plate armour      |       |       |     1 ||     1
Dodge: Dodged            |    22 |    95 |   156 ||   273
Block: Kite shield       |    42 |   160 |   379 ||   581
       Reflection        |       |       |    10 ||    10
